 Dungeon Crawl Stone Soup version 0.30-a0-137-gd8773701ce (webtiles) character file.

Game seed: 6503216490005001609

76 IdlyInterested the Trooper (level 4, 0/35 HPs)
             Began as a Demonspawn Gladiator on Sept 21, 2022.
             Slain by a gnoll
             ... wielding a +0 whip
              (3 damage)
             ... on level 2 of the Dungeon.
             The game lasted 00:02:49 (1225 turns).

IdlyInterested the Trooper (Demonspawn Gladiator)   Turns: 1225, Time: 00:02:51

Health: 0/35       AC:  7    Str: 14    XL:     4   Next: 12%
Magic:  4/4        EV: 11    Int: 12    God:
Gold:   61         SH:  0    Dex: 14    Spells: 3/3 levels left

rFire   . . .      SeeInvis .    a - +0 war axe
rCold   . . .      Faith    .    (no shield)
rNeg    . . .      Spirit   .    q - +0 ring mail
rPois   .          Reflect  .    c - +0 helmet
rElec   .          Harm     .    (no cloak)
rCorr   .          Rampage  .    (no gloves)
Will    .....                    u - +0 pair of boots
Stlth   +.........               (no amulet)
HPRegen 0.11/turn                (no ring)
MPRegen 0.18/turn                (no ring)

@: no status effects
A: ignite blood 1, magic regeneration
a: no special abilities


You were on level 2 of the Dungeon.
You visited 1 branch of the dungeon, and saw 2 of its levels.

You collected 61 gold pieces.

Inventory:

Hand Weapons
 a - a +0 war axe (weapon)
 i - a +0 mace
 w - a +0 short sword
Missiles
 d - 3 throwing nets (quivered)
 e - a javelin
Armour
 b - a +0 leather armour
 c - a +0 helmet (worn)
 q - a +0 ring mail (worn)
 u - a +0 pair of boots (worn)
Magical Staves
 k - a staff of earth
Scrolls
 g - a scroll of poison {unknown}
 l - a scroll of enchant armour {unknown}
 m - a scroll of identify {unknown}
 n - a scroll of enchant weapon {unknown}
 p - a scroll of fear {unknown}
 s - a scroll of butterflies {unknown}
 t - a scroll of blinking {unknown}
 v - 2 scrolls of magic mapping {unknown}
Potions
 f - 2 potions of might {unknown}
 h - a potion of lignification {unknown}
 j - a potion of curing {unknown}
 o - a potion of ambrosia {unknown}
 r - a potion of degeneration {unknown}


   Skills:
 * Level 3.4 Fighting
 + Level 3.2 Axes
 + Level 2.1 Throwing
 - Level 3.0 Dodging


You had 3 spell levels left.
You didn't know any spells.
Your spell library was empty.

Dungeon Overview and Level Annotations

Branches:
Dungeon (2/15)

Altars:

Annotations:
D:2 Sigmund


Innate Abilities, Weirdness & Mutations

Your demonic aura sometimes causes spilled blood to erupt in flames.
You regenerate magic rapidly.


Message History

The ball python bites you but does no damage.
The ball python constricts you. Sigmund barely misses you.
You have reached level 4!
You feel clever.
Your demonic ancestry asserts itself...
Your magic begins to regenerate rapidly.
Okay, then.
You hit the gnoll.
The gnoll is lightly wounded.
You barely miss the ball python. The ball python bites you.
The ball python constricts you. The gnoll barely misses you.
Sigmund hits you from afar with a +2 scythe of protection!
The ball python closely misses you. The ball python constricts you.
The gnoll hits you with a +0 whip.
You hit the ball python.
The ball python is heavily wounded.
You hit the gnoll but do no damage. The ball python bites you.
The ball python constricts you.
Sigmund hits you from afar with a +2 scythe of protection.
* * * LOW HITPOINT WARNING * * *
The gnoll hits you with a +0 whip.
* * * LOW HITPOINT WARNING * * *
The ball python bites you but does no damage.
The ball python constricts you.
You closely miss the ball python.
The ball python is heavily wounded.
You hit the gnoll but do no damage. The gnoll hits you with a +0 whip.
* * * LOW HITPOINT WARNING * * *
The ball python barely misses you. The ball python constricts you.
Sigmund completely misses you.
The frilled lizard bites you but does no damage.
The gnoll hits you with a +0 whip.
* * * LOW HITPOINT WARNING * * *
You hit the gnoll but do no damage.
The gnoll is lightly wounded.
You hit the ball python.
You kill the ball python!
You hit the frilled lizard.
An adder comes into view.
Sigmund closely misses you. The gnoll hits you with a +0 whip.
You die...

#. #.# # #.# ## .# #.#
.##.##. #.# .......
#.# .@.....
##.##....##)
#(..@g......
#.<##l.####. #....#
..# #+#..? ..). ##
##....!...
##..#####..####.......
##....(†)....##
.......
+...8..<..8...+
....S..
##...........## ..


You could see Sigmund, a gnoll, an adder (wandering) and a frilled lizard.

Vanquished Creatures
  3 gnolls (D:2)
  2 dart slugs (D:1)
  3 bats (D:1)
  2 endoplasms (D:1)
  A giant cockroach (D:1)
  3 goblins
  3 hobgoblins (D:1)
  6 jackals (D:1)
  A quokka (D:1)
  7 ball pythons
  3 frilled lizards (D:1)
  5 kobolds
  3 rats
42 creatures vanquished.

Notes
Turn   | Place    | Note
-------+----------+-------------------------------------------
     0 | D:1      | IdlyInterested the Demonspawn Gladiator began the quest for
                  | the Orb.
     0 | D:1      | Reached XP level 1. HP: 16/16 MP: 1/1
   482 | D:1      | Gained mutation: Your demonic aura sometimes causes spilled
                  | blood to erupt in flames. [demonic ancestry]
   482 | D:1      | Reached XP level 2. HP: 23/23 MP: 2/2
   532 | D:1      | Reached XP level 3. HP: 19/28 MP: 3/3
  1217 | D:2      | Noticed Sigmund
  1222 | D:2      | Gained mutation: You regenerate magic rapidly. [demonic
                  | ancestry]
  1222 | D:2      | Reached XP level 4. HP: 34/35 MP: 4/4
  1225 | D:2      | Slain by a gnoll

Illustrated notes

Levels and vault maps discovered:
D:1:      matt_arrival_refuge, layout_basic, serial_glass, glass_columns_b,
          glass_columns_c, minmay_heptomino_w4
D:2:      layout_basic, shapermc_ecumenical_altar_rom_forum,
          grunt_ministairs_15, uniq_sigmund, uniq_robin, uniq_natasha

Skill      XL: |  1  2  3 |
---------------+----------+-----
Dodging        | 3 |  3.0
Axes           | 3 |  3.2
Fighting       | 3 |  3.4
Throwing       | 2 |  2.1

Action                   |  1- 3 |  4- 6 || total
-------------------------+-------+-------++-------
Melee: War axe           |    91 |     4 ||    95
       Punch             |     1 |       ||     1
 Stab: Sleeping          |     1 |       ||     1
Armor: Leather armour    |    25 |       ||    25
       Ring mail         |     5 |     2 ||     7
Dodge: Dodged            |    89 |     5 ||    94

Table legend: (Time is in decaauts)
 A = Elapsed time spent in this place.
 B = Non-inter-level travel time spent in this place.
 C = Inter-level travel time spent in this place.
 D = Time resting spent in this place.
 E = Time spent auto-exploring this place.
 F = Levels seen in this place.
 G = Mean time per level.
                   A        B        C        D        E       F      G
               +--------+--------+--------+--------+--------+-----+--------+
         Total |   1258 |   1193 |     65 |    342 |    544 |   2 |  629.0 |
       Dungeon |   1258 |   1193 |     65 |    342 |    544 |   2 |  629.0 |
               +--------+--------+--------+--------+--------+-----+--------+

Top non-repeatable levels by time:
     D:1: 1227 daAuts
     D:2: 30 daAuts
